 Dungeon Crawl Stone Soup version bcrawl-1.21.3 (webtiles) character file.

Game seed: 14047045788142820776

712 Flugslaktarn the Skirmisher (level 7, -11/46 HPs)
             Began as a Skeleton Archaeologist on Mar 30, 2020.
             Mangled by an ogre
             ... wielding a +0 giant club
              (14 damage)
             ... on level 5 of the Dungeon.
             The game lasted 00:04:08 (8018 turns).

Flugslaktarn the Skirmisher (SkAc)                  Turns: 8018, Time: 00:04:09

Health: -11/46     AC: 12    Str: 20      XL:     7   Next: 41%
Magic:  0/16       EV:  8    Int: 11 (12) God:
Gold:   1187       SH:  0    Dex:  1 (7)  Spells: 6/6 levels left

rFire    . . .     SeeInvis .   o - +0 hand axe
rCold    + . .     Gourm    .   (no shield)
rNeg     + + +     Faith    .   f - +0 chain mail
rPois    ∞         Spirit   +   c - +1 hat
rElec    .         Reflect  .   (no cloak)
rCorr    .         Harm     .   (no gloves)
MR       +....                  d - +1 pair of boots
Stlth    ..........             (no amulet)
HPRegen  0.15/turn              g - ring of attention (curse)
MPRegen  0.15/turn              n - ring of magical power

@: no status effects
A: no food or potions, cold resistance 1, deterioration 1, negative energy
resistance 3, powered by death 1, torment resistance, unbreathing, magic shield,
sturdy frame 1, spell healing
a: no special abilities


You were on level 5 of the Dungeon.
You were not hungry.

You visited 2 branches of the dungeon, and saw 6 of its levels.

You collected 1187 gold pieces.

Inventory:

Hand Weapons
 a - a +0 whip
 o - a +0 hand axe (weapon)
   (You took it off an orc on level 3 of the Dungeon)
Armour
 c - a +1 hat (worn)
 d - a +1 pair of boots (worn)
 f - a +0 chain mail (worn)
   (You found it on level 3 of the Dungeon)
 l - a +0 scale mail
   (You found it on level 1 of the Dungeon)
Jewellery
 g - a cursed ring of attention (left hand)
   (You found it on level 4 of the Dungeon)
 n - a ring of magical power (right hand)
   (You found it on level 2 of the Dungeon)
Wands
 b - a wand of paralysis (7)
   (You found it on level 3 of the Dungeon)
Scrolls
 e - a scroll of magic mapping
 h - a scroll of enchant armour {unknown}
 i - a scroll of immolation
 j - a scroll of fog
 r - 3 scrolls of identify
 t - 2 scrolls of teleportation
 x - 2 scrolls of remove curse


   Skills:
 + Level 6.2 Fighting
 * Level 4.9(5.0) Axes
 - Level 1.2(3.3) Maces & Flails
 + Level 3.0 Armour
 - Level 3.0 Dodging
 - Level 3.6 Stealth


You had 6 spell levels left.
You didn't know any spells.
Your spell library was empty.

Dungeon Overview and Level Annotations

Branches:
Dungeon (5/12)             Temple (1/1) D:4

Altars:
Cheibriados
Dithmenos
Hepliaklqana
Kikubaaqudgha
Lugonu
Makhleb
Okawaru
Qazlal
Ru
Sif Muna
Trog
Uskayaw
Wu Jian
Xom
Yredelemnul
Zin
The Shining One


Innate Abilities, Weirdness & Mutations

You do not eat or drink.
You are immune to poison.
Your flesh is cold resistant. (rC+)
Your body sometimes deteriorates upon taking damage.
You are immune to negative energy. (rN+++)
You regenerate a little health from kills.
You are immune to unholy pain and torment.
You can survive without breathing.
When hurt, damage is shared between your health and your magic reserves.
Your movements are slightly less encumbered by armour. (ER -2)
Casting spells heals you.


Message History

You are too injured to fight recklessly!
You are too injured to fight recklessly!
You are too injured to fight recklessly!
You are too injured to fight recklessly!
You are too injured to fight recklessly!
You are too injured to fight recklessly!
You are too injured to fight recklessly!
You are too injured to fight recklessly!
You are too injured to fight recklessly!
You are too injured to fight recklessly!
You are too injured to fight recklessly!
You are too injured to fight recklessly!
You hit the ogre but do no damage.
The ogre is lightly wounded.
The ogre hits you with a +0 giant club!
* * * LOW HITPOINT WARNING * * *
Your chain mail prevents you from hitting the ogre.
The ogre is lightly wounded.
The ogre hits you with a +0 giant club!
You die...

...#.#....................
#.
.....#..#.##...............
...
..........##.#####...#####.
. ...###..#.##.# #........
#### #..#.##.# #.......#
#.......# ###..≈≈≈≈.#
####.######Z..w≈≈≈≈≈#
#.......##O##..≈≈..#
#.#.##..).@# ......#
.....##.....# #...###
.#........8..# ...# ..
#..##.#......# ..... # #..
#.#......# #.#.. #..
.....##.... .##. #.
#.##.###..... .. #.##..


You could see an ogre and a worker ant zombie.

Vanquished Creatures
  A phantom (D:4)
  A centaur (D:5)
  A bullfrog (D:5)
  A crimson imp (D:4)
  A bullfrog zombie (D:5)
  A hound (D:4)
  A quasit (D:4)
  2 orc wizards (D:4)
  A worker ant (D:4)
  A hound skeleton (D:5)
  A howler monkey zombie (D:5)
  A worker ant zombie (D:5)
  8 gnolls
  4 adders (D:3)
  An ooze (D:4)
  2 adder zombies (D:5)
  3 adder skeletons
  2 worms
  A dart slug (D:4)
  9 leopard geckos
  9 orcs
  2 giant cockroaches
  3 goblins
  6 hobgoblins
  9 jackals
  15 kobolds
  3 quokkas
  A ball python (D:3)
  4 frilled lizards
  2 quokka skeletons
  5 rats
102 creatures vanquished.

Vanquished Creatures (others)
  A plant (D:2)
1 creature vanquished.

Grand Total: 103 creatures vanquished

Notes
Turn   | Place    | Note
-------+----------+-------------------------------------------
     0 | D:1      | Flugslaktarn the Skeleton Archaeologist began the quest for
                  | the Orb.
     0 | D:1      | Reached XP level 1. HP: 12/12 MP: 1/1
   240 | D:1      | Reached skill level 2 in Fighting
   339 | D:1      | Reached XP level 2. HP: 16/17 MP: 2/2
  1288 | D:2      | Reached skill level 3 in Fighting
  1288 | D:2      | Reached XP level 3. HP: 14/23 MP: 1/3
  2180 | D:2      | Reached XP level 4. HP: 29/29 MP: 4/4
  2502 | D:2      | Reached skill level 4 in Fighting
  3522 | D:3      | Found a glowing golden altar of the Shining One.
  3526 | D:3      | Found a hazy altar of Hepliaklqana.
  3526 | D:3      | Found a shimmering blue altar of Sif Muna.
  3526 | D:3      | Found a basalt altar of Yredelemnul.
  3803 | D:3      | Reached XP level 5. HP: 12/34 MP: 3/5
  3803 | D:3      | Identified a scroll of acquirement
  3866 | D:2      | Reached skill level 5 in Fighting
  4101 | D:2      | HP: 1/35 [gnoll/+0 flail (7)]
  5358 | D:4      | Reached skill level 1 in Axes
  5431 | D:4      | Found a staircase to the Ecumenical Temple.
  5447 | Temple   | Entered the Ecumenical Temple
  5753 | D:4      | Noticed a phantom
  6212 | D:4      | Killed a phantom
  6212 | D:4      | Reached skill level 1 in Armour
  6212 | D:4      | Gained mutation: You regenerate a little health from kills.
                  | [Skeleton growth]
  6212 | D:4      | Reached XP level 6. HP: 30/41 MP: 6/6
  7130 | D:5      | Entered Level 5 of the Dungeon
  7137 | D:5      | Found a corrupted altar of Lugonu.
  7172 | D:5      | Reached skill level 6 in Fighting
  7172 | D:5      | Reached XP level 7. HP: 16/46 MP: 7/7
  8018 | D:5      | Mangled by an ogre

Skill      XL: |  1  2  3  4  5  6  7 |
---------------+----------------------+-----
Fighting       | 2 3 4 5 6 |  6.2
Axes           | 2 4 |  4.9
Armour         | 1 2 3 |  3.0
Maces & Flails | |  1.2
Dodging        | |  3.0
Stealth        | |  3.6

Action                   |  1- 3 |  4- 6 |  7- 9 || total
-------------------------+-------+-------+-------++-------
Melee: Whip              |   153 |   192 |       ||   345
       Hand axe          |       |   424 |    90 ||   514
  Use: Scroll            |       |     5 |       ||     5
Armor: Robe              |    25 |       |       ||    25
       Scale mail        |    45 |   197 |       ||   242
       Chain mail        |       |   225 |    79 ||   304
Dodge: Dodged            |   120 |   390 |    55 ||   565
